 Dungeon Crawl Stone Soup version 0.19-a0-1697-g0595f0e (webtiles) character file.

83 GrosslyIncandescent the Insei (level 4, -4/35 HPs)
             Began as a Mummy Monk on Sept 26, 2016.
             Slain by a gnoll (6 damage)
             ... on level 2 of the Dungeon.
             The game lasted 00:02:48 (3024 turns).

GrosslyIncandescent the Insei (Mummy Monk)          Turns: 3024, Time: 00:02:48

Health: -4/35      AC:  1    Str: 14    XL:     4   Next: 22%
Magic:  4/4        EV: 13    Int:  9    God:
Gold:   82         SH:  0    Dex: 15    Spells: 0 memorised, 3 levels left

rFire  x . .     SeeInvis .       - Unarmed
rCold  + . .     Gourm    .     (no armour)
rNeg   + + +     Faith    .     (no shield)
rPois  ∞         Spirit   .     (no helmet)
rElec  .         Dismiss  .     (no cloak)
rCorr  .         Reflect  .     (no gloves)
MR     +....     Harm     .     (no boots)
Stlth  ++........               (no amulet)
                                e - ring of positive energy
                                i - ring of protection from magic

@: no status effects
A: no food or potions, fire vulnerability, cold resistance 1, negative energy
resistance 3, torment resistance, unbreathing
a: no special abilities


You were on level 2 of the Dungeon.
You were not hungry.

You visited 1 branch of the dungeon, and saw 2 of its levels.

You collected 82 gold pieces.


Innate Abilities, Weirdness & Mutations

You do not eat or drink.
Your flesh is vulnerable to fire.
You are immune to poison.
Your flesh is cold resistant. (rC+)
You are immune to negative energy. (rN+++)
You are immune to unholy pain and torment.
You can survive without breathing.


   Skills:
 - Level 3.0 Fighting
 - Level 2.4 Dodging
 - Level 1.5 Stealth
 + Level 4.2 Unarmed Combat


You had 3 spell levels left.
You didn't know any spells.

Inventory:

Jewellery
 e - a ring of positive energy (right hand)
 f - a cursed amulet of inaccuracy {unknown}
 i - a ring of protection from magic (left hand)
Scrolls
 a - 3 scrolls of remove curse {unknown}
 b - 2 scrolls of enchant weapon {unknown}
 c - 2 scrolls of identify {unknown}
 d - a scroll of magic mapping {unknown}
 g - 3 scrolls of fog {unknown}
 h - a scroll of recharging {unknown}

Dungeon Overview and Level Annotations

Branches:
Dungeon (2/15)

Altars:
Hepliaklqana
Makhleb

....▒▒ ▒.▒ ▒.......▒ ▒....▒▒ ▒.▒
▒.......▒ .▒....▒ ▒.▒▒ ▒▒.....▒▒
▒.....▒ ▒..▒ ▒▒▒▒▒.†.▒▒ ......▒
▒▒.▒ ▒...▒▒'▒▒▒▒▒ ......▒▒ ▒.▒
▒.▒......... ▒......▒
▒.▒▒▒▒▒.▒..[...... ▒......▒
▒.......▒...!.....
▒.....(▒▒▒▒▒▒▒▒▒M▒.▒▒▒▒▒▒▒▒+▒▒▒▒▒
▒...▒.........gg▒▒▒.▒▒
..........(....▒▒ ▒▒.▒▒
...)..▒▒▒▒....▒▒ ▒▒.▒ ▒▒....▒
▒.▒▒▒.▒▒ ▒▒.▒▒ ▒▒▒...▒ ▒.▒
▒..▒▒▒.▒▒ ......▒▒▒▒.▒▒▒.▒.▒.▒▒
▒▒▒.........>..▒▒.▒▒
▒...▒▒▒▒▒▒▒..▒▒▒▒


You could see 2 gnolls.


Message History

The gnoll is heavily wounded!
The gnoll misses you! The gnoll hits you!!! The kobold barely misses you!
You are too injured to fight recklessly!!!
You are too injured to fight recklessly!!!
You are too injured to fight recklessly!!!
You beat the gnoll into a bloody pulp!
Your punch misses the gnoll!
The gnoll is almost dead!
The gnoll barely misses you!
You squash the gnoll like an ant!
You annihilate the gnoll!!!
You closely miss the kobold! You closely miss the kobold!
The kobold hits you with a club! * * * don't die
* * * You squash the kobold but do no damage!
The kobold hits you with a club! * * * don't die
* * * You closely miss the kobold!
The kobold hits you with a club! * * * don't die
* * * You pulverise the kobold but do no damage!
Your punch misses the kobold! The kobold hits you but does no damage!
You completely miss the kobold! You punch the kobold!
You annihilate the kobold!!!
You closely miss the gnoll! The gnoll hits you!!! * * * don't die
* * * You pulverise the gnoll!
The gnoll is moderately wounded!
The gnoll barely misses you!
You barely miss the gnoll!
The gnoll is moderately wounded!
The gnoll hits you! rip

Action                   |  1- 3 |  4- 6 || total
-------------------------+-------+-------++-------
Melee: Unarmed           |   210 |    18 ||   228
       Punch             |     3 |     1 ||     4
 Stab: Sleeping          |     2 |       ||     2
Armor: Skin              |    23 |     1 ||    24
Dodge: Dodged            |   151 |    11 ||   162

Vault maps used:
D:1:      mrwooster_arrival_statue_2
D:2:      kennysheep_six_static_rooms, lemuel_round_altar,
          makhleb_altar_promises_db, first_bread

Notes
Turn   | Place    | Note
-------+----------+-------------------------------------------
     0 | D:1      | GrosslyIncandescent the Mummy Monk began the quest for the Orb.
     0 | D:1      | Reached XP level 1. HP: 18/18 MP: 1/1
   361 | D:1      | Reached XP level 2. HP: 19/24 MP: 2/2
   435 | D:1      | Reached skill level 3 in Unarmed Combat
  1377 | D:1      | Reached XP level 3. HP: 25/29 MP: 3/3
  2042 | D:2      | Found a hazy altar of Hepliaklqana.
  2420 | D:2      | Reached skill level 4 in Unarmed Combat
  2565 | D:2      | Found a burning altar of Makhleb.
  2565 | D:2      | Noticed a balrug
  2919 | D:2      | Reached XP level 4. HP: 35/35 MP: 4/4
  3022 | D:2      | HP: 2/35 [gnoll (7)]
  3024 | D:2      | Slain by a gnoll

Vanquished Creatures
  A gnoll (D:2)
  An adder (D:2)
  An ooze (D:2)
  A worm (D:2)
  A dart slug (D:2)
  A leopard gecko (D:1)
  2 giant cockroaches
  5 hobgoblins
  7 jackals (D:1)
  8 kobolds
  3 ball pythons
  7 bats
  2 frilled lizards (D:1)
  6 goblins
  7 rats
53 creatures vanquished.
